 Dungeon Crawl Stone Soup version 0.25-a0-663-gace7076 (webtiles) character file.

Game seed: 949030230983676419, levelgen mode: deterministic

14954 robertstho the Protected (level 12, 0/85 HPs)
             Began as a Formicid Fighter on Mar 24, 2020.
             Was a High Priest of Hepliaklqana.
             Slain by a faun (shapeshifter) (13 damage)
             ... on level 15 of the Dungeon.
             The game lasted 00:18:34 (9789 turns).

robertstho the Protected (Formicid Fighter)         Turns: 9789, Time: 00:18:34

Health: 0/85       AC: 23    Str: 29      XL:     12   Next: 51%
Magic:  18/18      EV:  9    Int:  5 (9)  God:    Hepliaklqana [*****.]
Gold:   619        SH:  0    Dex: 15      Spells: 11/11 levels left

rFire    + . .     SeeInvis +   t - +2 executioner's axe (flame)
rCold    . . .     Gourm    .   c - +0 kite shield
rNeg     . . .     Faith    .   b - +1 plate armour of Contentment {+Fly rC- Str+2 Dex+5} (curse)
rPois    +         Spirit   .   (helmet unavailable)
rElec    +         Reflect  .   e - +2 cloak
rCorr    +         Harm     .   v - +0 pair of gloves
MR       +....                  j - +1 pair of boots
Stlth    ..........             (no amulet)
HPRegen  0.24/turn              s - +2 ring of strength
MPRegen  0.16/turn              (no ring)

@: confused, resistant
A: permanent stasis, dig shafts and tunnels, four strong arms, reduced essence,
antennae 3
a: Dig, Shaft Self, Recall Ancestor, Ancestor Identity, Transference, Idealise,
Renounce Religion, Evoke Flight


You were on level 15 of the Dungeon.
You worshipped Hepliaklqana.
Hepliaklqana was extremely pleased with you.
You were hungry.

You visited 2 branches of the dungeon, and saw 14 of its levels.

You collected 619 gold pieces.

Inventory:

Hand Weapons
 a - a +1 trident of flaming
 t - a +2 executioner's axe of flaming (weapon)
 y - the +8 rapier of Wrath {freeze, rF+ Str+2 Int-2}
   (You found it on level 7 of the Dungeon)

   It has been specially enchanted to freeze those struck by it, causing extra
   injury to most foes and up to half again as much damage against particularly
   susceptible opponents.
   It can also slow down cold-blooded creatures.
   It affects your strength (+2).
   It affects your intelligence (-2).
   It protects you from fire.
Missiles
 i - 31 poisoned darts (quivered)
Armour
 b - the cursed +1 plate armour of Contentment (worn) {+Fly rC- Str+2 Dex+5}
   (You found it on level 11 of the Dungeon)

   It affects your strength (+2).
   It affects your dexterity (+5).
   It makes you vulnerable to cold.
   It lets you fly.
   It has a curse placed upon it.
 c - a +0 kite shield (worn)
 e - a +2 cloak (worn)
 j - a +1 pair of boots (worn)
 n - a +0 chain mail
 v - a +0 pair of gloves (worn)
Jewellery
 s - a +2 ring of strength (left hand)
Wands
 g - a wand of digging (6)
 k - a wand of acid (8)
 m - a wand of polymorph (10)
 o - a wand of paralysis (12)
 u - a wand of disintegration (26)
 A - a wand of iceblast (10)
Scrolls
 l - 12 scrolls of remove curse
 p - a scroll of immolation
 q - 3 scrolls of enchant weapon
 x - a scroll of fog
 B - a scroll of magic mapping
Potions
 d - 2 potions of haste
 r - 4 potions of lignification
Comestibles
 f - 23 rations


   Skills:
 * Level 9.3 Fighting
 + Level 4.8 Short Blades
 + Level 7.2(8.4) Axes
 + Level 6.5(8.0) Polearms
 * Level 10.9 Armour
 + Level 3.1 Dodging
 + Level 8.2 Shields
 * Level 9.1 Invocations
 + Level 1.7 Evocations


You had 11 spell levels left.
You didn't know any spells.
Your spell library contained the following spells:

 Spells                   Type           Power        Failure   Level  Hunger
 Beastly Appendage        Tmut           #.....       99%         1    ##.....
 Corona                   Hex            #......      99%         1    ##.....
 Freeze                   Ice            #...         99%         1    ##.....
 Infusion                 Chrm           #...         99%         1    ##.....
 Magic Dart               Conj           #...         99%         1    ##.....
 Sandblast                Erth           #.....       99%         1    ##.....
 Ensorcelled Hibernation  Hex/Ice        #.....       100%        2    ###....
 Confusing Touch          Hex            #.......     100%        3    ####...
 Dazzling Flash           Conj/Hex       #.....       100%        3    ####...
 Tukima's Dance           Hex            #.......     100%        3    ####...


Dungeon Overview and Level Annotations

Branches:
Dungeon (12/15)            Temple (1/1) D:4            Lair (0/6) D:8
 Depths (0/5) D:15
    Orc: D:9-12

Altars:
Ashenzari
Cheibriados
Dithmenos
Elyvilon
Gozag
Hepliaklqana
Kikubaaqudgha
Makhleb
Nemelex Xobeh
Okawaru
Qazlal
Ru
Sif Muna
Trog
Uskayaw
Vehumet
Wu Jian
Xom
Yredelemnul
Zin
The Shining One

Annotations:
D:6 3 runed translucent doors, drunkbafoobis's ghost, novice TrWn
D:7 1 runed translucent door, 2 transporters, ToBoldlyKo's ghost, novice KoGl
D:11 Rupert


Innate Abilities, Weirdness & Mutations

You cannot be hasted, slowed, berserked, paralysed or teleported.
You can dig through walls and to a lower floor.
Your four strong arms can wield two-handed weapons with a shield.
You have a pair of large antennae on your head. (SInv)
Your life essence is reduced to manifest your ancestor. (-10% HP)


Message History

Okay, then.
It was a potion of haste.
Your stasis prevents you from being hasted.
You block the faun's attack.
It was a potion of brilliance.
You feel clever all of a sudden. You block the faun's attack.
It was a potion of cancellation.
Your magical effects are unravelling.
You feel magically purged.
You feel a little less clever now. The faun hits you.
* * * LOW HITPOINT WARNING * * *
You feel protected.
You are feeling hungry.
The faun hits you but does no damage.
You are confused.
You feel invigorated. The faun barely misses you.
You retract your mandibles.
You barely miss the faun. The faun hits you!
You die...

##### #...#
#...######
#.........
##{...≈≈..
#...≈≈≈..
#.....≈..
##########.y.§§§..
#@cyCuuy.....§§...
######yy.....§§...
#{........§..
#......≈.....
#...y..§≈≈...
#............
#............
####........G
#....#####


You could see 2 ugly things, a faun, a cyclops and 4 vampire mosquitoes.

Vanquished Creatures
  An ogre mage (D:15)
  3 two-headed ogres (D:15)
  An unseen horror (D:10)
  4 ugly things (D:15)
  A deep elf mage (D:15)
  A cyclops (D:15)
  A centaur skeleton (D:15)
  2 yaktaurs (D:15)
  A queen bee (shapeshifter) (D:15)
  A merfolk (D:11)
  3 trolls
  A hippogriff (D:9)
  A meliai zombie (D:15)
  A wyvern (D:9)
  10 yaks
  2 hungry ghosts
  2 black bears
  2 necrophages
  5 ogres
  2 wolves (D:8)
  4 centaurs
  6 bullfrogs
  A wyvern zombie (D:8)
  3 scorpions
  3 howler monkeys
  5 crimson imps
  6 orc priests
  7 hounds
  2 jellies
  A bullfrog skeleton (D:6)
  A hexer (D:11)
  3 orc wizards
  3 iguanas
  10 worker ants
  A hound zombie (D:11)
  A howler monkey zombie (D:9)
  6 adders
  5 shadow imps
  An ooze (D:2)
  3 adder zombies
  2 adder skeletons
  2 worms
  A dart slug (D:3)
  3 leopard geckos
  30 orcs
  3 giant cockroaches
  6 goblins
  11 hobgoblins
  21 jackals
  9 kobolds
  8 quokkas
  5 bats
  5 frilled lizards
  2 quokka skeletons
  2 quokka zombies (D:6)
  7 rats
234 creatures vanquished.

Vanquished Creatures (collateral kills)
  A yaktaur (D:15)
  2 hippogriffs
  A basilisk (shapeshifter) (D:15)
  A hungry ghost (D:9)
  A basilisk (D:15)
  An orc warrior (D:6)
  An ice beast (D:5)
  4 ogres
  A centaur (D:7)
  A big kobold (D:10)
  A water moccasin zombie (D:7)
  2 bullfrogs
  An electric eel (D:8)
  3 crimson imps
  A jelly (D:8)
  A worker ant (D:4)
  2 orc wizards
  A howler monkey zombie (D:11)
  3 adders
  2 orcs
  A giant cockroach (D:6)
  2 jackals
  A frilled lizard (D:4)
35 creatures vanquished.

Vanquished Creatures (others)
  A worker ant (D:4)
  6 hexers
  An ancestor (D:5)
8 creatures vanquished.

Grand Total: 277 creatures vanquished

Notes
Turn   | Place    | Note
-------+----------+-------------------------------------------
     0 | D:1      | robertstho the Formicid Fighter began the quest for the
                  | Orb.
     0 | D:1      | Reached XP level 1. HP: 18/18 MP: 1/1
   168 | D:1      | Reached XP level 2. HP: 21/24 MP: 2/2
   673 | D:1      | Reached XP level 3. HP: 26/29 MP: 3/3
   765 | D:2      | Reached skill level 4 in Armour
   828 | D:2      | Reached XP level 4. HP: 28/35 MP: 4/4
  1159 | D:3      | Reached XP level 5. HP: 8/42 MP: 5/5
  1690 | D:4      | Found a staircase to the Ecumenical Temple.
  1723 | D:4      | Reached XP level 6. HP: 23/48 MP: 6/6
  1735 | Temple   | Entered the Ecumenical Temple
  1836 | Temple   | Became a worshipper of Hepliaklqana the Forgotten
  1940 | D:4      | Reached skill level 5 in Armour
  1940 | D:4      | Reached skill level 1 in Dodging
  1951 | D:4      | Reached skill level 1 in Invocations
  2421 | D:4      | Reached XP level 7. HP: 32/49 MP: 6/8
  2522 | D:5      | Entered Level 5 of the Dungeon
  2605 | D:5      | Reached * piety under Hepliaklqana
  3378 | D:6      | Reached skill level 5 in Shields
  3378 | D:6      | Reached XP level 8. HP: 8/54 MP: 9/9
  3412 | D:6      | Reached skill level 5 in Fighting
  3412 | D:6      | Reached skill level 6 in Armour
  3512 | D:6      | Found a basalt altar of Yredelemnul.
  3595 | D:6      | Reached ** piety under Hepliaklqana
  3613 | D:6      | Remembered your ancestor Cihuaton as a hexer
  3614 | D:6      | Reached skill level 5 in Polearms
  3791 | D:6      | Found an opulent altar of Gozag.
  3855 | D:6      | Noticed a wyvern
  3856 | D:6      | Noticed drunkbafoobis's ghost (novice TrWn)
  3864 | D:6      | Found a runed translucent gate.
  3864 | D:6      | Found a runed translucent gate.
  3864 | D:6      | Found a runed translucent gate.
  4157 | D:7      | Got a brightly glowing rapier
  4158 | D:7      | Identified the +8 rapier of Wrath {freeze, rF+ Str+2 Int-2}
                  | (You found it on level 7 of the Dungeon)
  4351 | D:7      | Found a shimmering altar of Xom.
  4361 | D:7      | Reached skill level 7 in Armour
  4361 | D:7      | Reached XP level 9. HP: 46/62 MP: 11/11
  4439 | D:7      | Noticed a deep elf mage
  4454 | D:7      | Found a flagged portal.
  4626 | D:7      | Found a shattered altar of Ashenzari.
  4851 | D:7      | Reached skill level 1 in Short Blades
  4865 | D:7      | Noticed a cyclops
  4911 | D:7      | Reached *** piety under Hepliaklqana
  4911 | D:7      | Found a runed translucent door.
  4913 | D:7      | Found a shimmering altar of Xom.
  4913 | D:7      | Noticed ToBoldlyKo's ghost (novice KoGl)
  4915 | D:7      | Noticed a +2 dagger of chaos
  5156 | D:7      | Noticed a hornet
  5157 | D:7      | Found a transporter.
  5158 | D:7      | Found a transporter.
  5445 | D:8      | Found a staircase to the Lair.
  5476 | D:8      | Reached skill level 8 in Armour
  5637 | D:8      | Noticed a troll
  5647 | D:8      | Killed a troll
  5647 | D:8      | Reached XP level 10. HP: 38/69 MP: 13/13
  5805 | D:9      | Reached skill level 5 in Invocations
  6011 | D:9      | Reached skill level 9 in Armour
  6082 | D:9      | Identified Spellcraft, Part One
  6145 | D:9      | Found a shimmering blue altar of Sif Muna.
  6148 | D:9      | Reached **** piety under Hepliaklqana
  6550 | D:10     | Entered Level 10 of the Dungeon
  7094 | D:10     | Reached skill level 1 in Axes
  7227 | D:10     | Noticed an unseen horror
  7240 | D:10     | Killed an unseen horror
  7334 | D:10     | Reached XP level 11. HP: 75/75 MP: 14/16
  8356 | D:11     | Reached ***** piety under Hepliaklqana
  8580 | D:11     | Got a smoking plate armour
  8591 | D:11     | Identified the cursed +1 plate armour of Contentment {+Fly
                  | rC- Str+2 Dex+5} (You found it on level 11 of the Dungeon)
  8660 | D:12     | Noticed Rupert
  8675 | D:11     | You fall into a shaft and drop 1 floor!
  8816 | D:12     | You fall into a shaft and drop 3 floors!
  8816 | D:15     | Entered Level 15 of the Dungeon
  8816 | D:15     | Noticed a green ugly thing
  8816 | D:15     | Noticed a green ugly thing
  8816 | D:15     | Noticed a green ugly thing
  8817 | D:15     | Noticed a green ugly thing
  8856 | D:15     | Killed a green ugly thing
  8868 | D:15     | Killed a red ugly thing
  8868 | D:15     | Reached skill level 10 in Armour
  8869 | D:15     | Reached skill level 5 in Axes
  8873 | D:15     | Killed a green ugly thing
  8883 | D:15     | Killed a green ugly thing
  8942 | D:15     | Noticed a two-headed ogre
  8965 | D:15     | Killed a two-headed ogre
  8981 | D:15     | HP: 1/78 [basilisk (13)]
  8991 | D:15     | Reached skill level 1 in Evocations
  9060 | D:15     | Reached XP level 12. HP: 27/84 MP: 18/18
  9387 | D:15     | Noticed a two-headed ogre
  9390 | D:15     | Noticed a two-headed ogre
  9398 | D:15     | Killed a two-headed ogre
  9399 | D:15     | Killed a two-headed ogre
  9439 | D:15     | Noticed an ogre mage
  9447 | D:15     | Killed an ogre mage
  9763 | D:15     | Noticed a glowing orange brain
  9786 | D:15     | HP: 2/85 [faun (shapeshifter) (6)]
  9789 | D:15     | Slain by a faun (shapeshifter)

Levels and vault maps discovered:
D:1:      nzn_arrival_water_spiral, layout_basic
D:2:      layout_basic, st_stairs_3
D:3:      layout_rooms, first_ration
D:4:      layout_basic, temple_green
D:5:      layout_basic, chequers_serial_rivers_micro_e, supply_closet_lemuel
D:6:      layout_cave_pods, nicolae_gozag_cash_rules_everything_around_me,
          nicolae_overflow_hidden_temple, gammafunk_ghost_split,
          chequers_serial_rivers_small_3
D:7:      gammafunk_the_bubble [the_bubble_gammafunk_split], layout_layer_cave,
          ashenzari_altar_1, xom_butterflies, ebering_ghost_xom, enter_bailey_2,
          nicolae_zen_rock_garden
D:8:      layout_basic, erik_lair_island
D:9:      layout_long_grid, nicolae_overflow_crystal_walls
D:10:     layout_basic
D:11:     layout_irregular_city, nicolae_two_hexagons, hangedman_fish_farm,
          patterned_corridor
D:12:     layout_roguey, orc_0_dummy, enter_trove_2, ebering_ghost_rock_garden,
          uniq_kirke, uniq_rupert
D:15:     gammafunk_enter_depths_forms, layout_basic, nrook_mini_backslash
Temple:   lightli_temple_of_artemis

Skill      XL: |  1  2  3  4  5  6  7  8  9 10 11 12 |
---------------+-------------------------------------+-----
Armour         | 4 5 7 8 9 10 | 10.9
Shields        | 4 5 6 7 8 |  8.2
Polearms       | 3 4 5 6 |  6.5
Fighting       | 4 5 6 7 8 9 |  9.3
Dodging        | 1 2 3 |  3.1
Invocations    | 1 2 3 4 6 8 9 |  9.1
Short Blades   | 3 4 |  4.8
Axes           | 2 5 7 |  7.2
Evocations     | 1 |  1.7

Action                   |  1- 3 |  4- 6 |  7- 9 | 10-12 || total
-------------------------+-------+-------+-------+-------++-------
Melee: Trident           |   131 |   213 |   116 |       ||   460
       Rapier            |       |       |    98 |    56 ||   154
       Executioner's axe |       |       |       |   224 ||   224
Invok: Recall Ancestor   |       |     1 |       |     1 ||     2
       Ancestor Life: He |       |       |     1 |       ||     1
 Abil: Shaft Self        |       |       |       |     1 ||     1
       Dig               |       |       |       |     1 ||     1
Evoke: Wand              |       |       |     1 |     9 ||    10
  Use: Potion            |       |     9 |     3 |    11 ||    23
       Scroll            |       |       |    10 |     3 ||    13
 Stab: Distracted        |       |       |     3 |     2 ||     5
       Confused          |       |       |     1 |     5 ||     6
       Paralysed         |       |       |       |     3 ||     3
  Eat: Chunk             |       |     5 |    12 |    17 ||    34
       Ration            |       |       |       |     1 ||     1
Armor: Scale mail        |    38 |    85 |    29 |       ||   152
       Chain mail        |       |       |    71 |   111 ||   182
       Plate armour      |       |       |       |    83 ||    83
Dodge: Dodged            |    39 |    63 |    75 |   124 ||   301
Block: Kite shield       |    57 |    92 |   114 |   204 ||   467

Table legend:
 A = Non-vault XP
 B = Vault XP
 C = Vault XP percentage of total XP
 D = Non-vault monster count
 E = Vault monster count
 F = Vault count percentage of total count
                 A         B        C        D         E       F
            +---------+---------+-------+---------+---------+-------
      Total |   20178 |    1185 |   5.5 |     258 |      10 |   3.7
            +---------+---------+-------+---------+---------+-------
        D:1 |      29 |       0 |   0.0 |      17 |       0 |   0.0
        D:2 |      63 |       2 |   3.1 |      24 |       2 |   7.7
        D:3 |     152 |       0 |   0.0 |      33 |       0 |   0.0
        D:4 |     353 |       0 |   0.0 |      17 |       0 |   0.0
        D:5 |     299 |       0 |   0.0 |       8 |       0 |   0.0
        D:6 |     519 |       0 |   0.0 |      16 |       0 |   0.0
        D:7 |    1419 |       0 |   0.0 |      26 |       0 |   0.0
        D:8 |     686 |     670 |  49.4 |      17 |       6 |  26.1
        D:9 |    1384 |       0 |   0.0 |      23 |       0 |   0.0
       D:10 |    2849 |       0 |   0.0 |      28 |       0 |   0.0
       D:11 |    2063 |     317 |  13.3 |      23 |       1 |   4.2
       D:12 |      90 |       0 |   0.0 |       1 |       0 |   0.0
       D:15 |   10272 |     196 |   1.9 |      25 |       1 |   3.8
            +---------+---------+-------+---------+---------+-------
